 Dungeon Crawl Stone Soup version 0.18.1-50-g88ac8fd (webtiles) character file.

1925 varam the Nimble (level 8, 79/79 HPs)
             Began as a Troll Monk on Oct 22, 2016.
             Quit the game in the Ecumenical Temple.
             The game lasted 00:07:33 (3552 turns).

varam the Nimble (Troll Monk)                       Turns: 3552, Time: 00:07:34

Health: 79/79      AC:  7    Str: 20    XL:     8   Next: 96%
Magic:  7/7        EV: 14    Int:  6    God:
Gold:   203        SH:  0    Dex: 14    Spells: 0 memorised, 7 levels left

rFire  . . .     SeeInvis .       - Unarmed
rCold  + . .     Gourm    +     p - +2 robe {rC+}
rNeg   . . .     Faith    .     (no shield)
rPois  .         Spirit   .     (helmet restricted)
rElec  .         Dismiss  .     (no cloak)
rCorr  .         Reflect  .     (gloves unavailable)
SustAt .         Harm     .     (boots unavailable)
MR     .....                    (no amulet)
Stlth  ++........               (no ring)
                                (no ring)

@: not resistant to hostile enchantments, unstealthy
A: unfitting armour, claws 3, fast metabolism 3, gourmand, regeneration 2,
shaggy fur 1, tough skin 2
a: no special abilities


You were in the Ecumenical Temple.
You were not hungry.

You visited 2 branches of the dungeon, and saw 8 of its levels.

You collected 203 gold pieces.

Inventory:

Armour
 p - a +2 robe of cold resistance (worn)
Jewellery
 c - a cursed amulet of inaccuracy {unknown}
 s - an uncursed ring of protection from cold {unknown}
Wands
 j - a wand of polymorph (9/24)
 t - a wand of digging (7/24)
Scrolls
 g - a scroll of random uselessness {unknown}
 i - a scroll of amnesia {unknown}
 k - 2 scrolls of identify {unknown}
 o - a scroll of magic mapping {unknown}
Potions
 d - 2 potions of agility {unknown}
 e - a potion of ambrosia {unknown}
 h - a potion of berserk rage {unknown}
 l - 5 potions of curing {unknown}
 m - a potion of mutation {unknown}
 n - 2 potions of degeneration {unknown}
 q - a potion of heal wounds {unknown}
 r - a potion of invisibility {unknown}
 u - a potion of lignification {unknown}
Comestibles
 b - 5 bread rations
 f - 2 meat rations


   Skills:
 + Level 4.7 Fighting
 * Level 8.0 Dodging
 - Level 1.1 Stealth
 + Level 6.8 Unarmed Combat


You had 7 spell levels left.
You didn't know any spells.

Dungeon Overview and Level Annotations

Branches:
Dungeon (7/15)             Temple (1/1) D:4

Altars:
Ashenzari
Cheibriados
Dithmenos
Fedhas
Kikubaaqudgha
Pakellas
Vehumet
Zin
The Shining One


Innate Abilities, Weirdness & Mutations

You are too large for most types of armour.
You have claws for hands.
Your metabolism is lightning-fast.
You like to eat raw meat.
You heal very quickly.
You are covered in fur (AC +1).
You have very tough skin (AC +2).


Message History

You enter the shallow water.
Moving in this stuff is going to be slow.
You enter the shallow water.
Moving in this stuff is going to be slow.
You enter the shallow water.
Moving in this stuff is going to be slow.
You enter the shallow water.
Moving in this stuff is going to be slow.
There is a shattered altar of Ashenzari here.
You enter the shallow water.
Moving in this stuff is going to be slow.
You enter the shallow water.
Moving in this stuff is going to be slow.
You enter the shallow water.
Moving in this stuff is going to be slow.
You enter the shallow water.
Moving in this stuff is going to be slow.
Partly explored, can't reach some places.
There is a radiant altar of Vehumet here.
Are you sure you want to abandon this character and quit the game? (Confirm with "yes".)

≈≈≈≈≈≈≈≈≈≈≈≈≈≈≈≈...≈≈≈≈≈≈≈≈≈
.≈≈≈≈≈≈≈≈≈≈≈≈≈≈.....≈≈≈≈≈≈≈≈
.≈≈≈≈≈≈≈≈≈≈≈≈≈≈..⌠..≈≈≈≈≈≈≈≈#
.≈≈≈≈≈≈≈≈≈≈≈≈≈≈.....≈≈≈≈≈≈≈≈#
.≈≈≈≈≈≈≈≈≈≈≈≈≈≈.....≈≈≈≈≈≈≈≈#
.≈≈≈≈≈≈≈≈≈≈≈≈≈≈.....≈≈≈≈≈≈≈≈#
..≈≈≈≈≈≈≈≈≈≈≈≈......≈≈≈≈≈≈≈≈#
....................≈≈≈≈≈≈≈≈#
................@<..≈≈≈≈≈≈≈≈#
....................≈≈≈≈≈≈≈≈#
..≈≈≈≈≈≈≈≈≈≈≈≈......≈≈≈≈≈≈≈≈#
.≈≈≈≈≈≈≈≈≈≈≈≈≈≈.....≈≈≈≈≈≈≈≈#
.≈≈≈≈≈≈≈≈≈≈≈≈≈≈.....≈≈≈≈≈≈≈≈#
.≈≈≈≈≈≈≈≈≈≈≈≈≈≈.....≈≈≈≈≈≈≈≈#
.≈≈≈≈≈≈≈≈≈≈≈≈≈≈..⌠..≈≈≈≈≈≈≈≈#
.≈≈≈≈≈≈≈≈≈≈≈≈≈≈.....≈≈≈≈≈≈≈≈#
≈≈≈≈≈≈≈≈≈≈≈≈≈≈≈≈...≈≈≈≈≈≈≈≈≈#


There were no monsters in sight!

Vanquished Creatures
  Pikel (D:4)
  The ghost of Monkfish the Sneak, a novice KoAs (D:5)
  Sigmund (D:2)
  An ice beast (D:3)
  A black bear (D:7)
  A slave (D:5)
  An ogre (D:5)
  A phantom (D:7)
  A centaur (D:6)
  Blork the orc (D:4)
  2 giant frogs (D:7)
  2 crimson imps
  A giant frog zombie (D:5)
  2 hounds
  2 orc priests
  2 orc wizards (D:7)
  A worker ant zombie (D:7)
  6 adders
  An ooze (D:1)
  A dart slug (D:1)
  2 worms (D:2)
  3 giant geckos
  3 orcs
  4 giant cockroaches
  5 goblins
  3 hobgoblins
  6 jackals
  4 quokkas
  6 bats
  5 giant newts
  7 kobolds
  6 rats
84 creatures vanquished.

Notes
Turn   | Place    | Note
--------------------------------------------------------------
     0 | D:1      | varam the Troll Monk began the quest for the Orb.
     0 | D:1      | Reached XP level 1. HP: 22/22 MP: 0/0
   238 | D:2      | Reached XP level 2. HP: 27/29 MP: 1/1
   324 | D:2      | Noticed Sigmund
   630 | D:1      | Reached XP level 3. HP: 36/36 MP: 2/2
   862 | D:1      | Reached skill level 3 in Dodging
  1382 | D:2      | Killed Sigmund
  1382 | D:2      | Reached skill level 4 in Dodging
  1382 | D:2      | Reached skill level 5 in Unarmed Combat
  1382 | D:2      | Reached XP level 4. HP: 13/45 MP: 3/3
  1382 | D:2      | Reached XP level 5. HP: 16/53 MP: 4/4
  1689 | D:3      | Found a glowing golden altar of the Shining One.
  1774 | D:4      | Noticed Blork the orc
  1780 | D:4      | Killed Blork the orc
  1780 | D:4      | Reached XP level 6. HP: 57/61 MP: 5/5
  1911 | D:4      | Noticed a slave
  1912 | D:4      | Noticed a slave
  1914 | D:4      | Noticed Pikel
  1914 | D:4      | Noticed a slave
  1932 | D:4      | Noticed an ice beast
  1977 | D:5      | Entered Level 5 of the Dungeon
  1980 | D:5      | Killed a slave
  2001 | D:5      | Found an ancient bone altar of Kikubaaqudgha.
  2078 | D:5      | Noticed Monkfish's ghost (novice KoAs)
  2095 | D:5      | You fall through a shaft for 2 floors!
  2267 | D:7      | Reached skill level 5 in Dodging
  2324 | D:7      | Reached XP level 7. HP: 67/67 MP: 6/6
  2476 | D:7      | Reached skill level 6 in Dodging
  2640 | D:5      | Killed Monkfish's ghost
  2640 | D:5      | Reached XP level 8. HP: 68/78 MP: 7/7
  2739 | D:5      | Reached skill level 7 in Dodging
  3244 | D:4      | Killed Pikel
  3244 | D:4      | Reached skill level 8 in Dodging
  3273 | D:4      | Found a staircase to the Ecumenical Temple.
  3320 | Temple   | Entered the Ecumenical Temple
  3552 | Temple   | Quit the game

Skill      XL: |  1  2  3  4  5  6  7  8 |
---------------+-------------------------+-----
Dodging        | 4 5 6 8 |  8.0
Fighting       | 3 4 |  4.7
Unarmed Combat | 5 6 |  6.8
Stealth        | |  1.1

Action                   |  1- 3 |  4- 6 |  7- 9 || total
-------------------------+-------+-------+-------++-------
Melee: Unarmed           |   126 |    77 |    95 ||   298
       Punch             |     2 |     3 |     5 ||    10
 Stab: Sleeping          |     1 |       |     1 ||     2
  Eat: Chunk             |    18 |     9 |     5 ||    32
Armor: Robe              |    44 |    25 |    33 ||   102
Dodge: Dodged            |    64 |    43 |    45 ||   152
